Map: Submarine LE

Players

DPGPartinG (PartinG)

  • Race: Protoss Protoss
  • League: Grandmaster
  • Spawn Location: 5:00

Dear - Winner!

  • Race: Protoss Protoss
  • Spawn Location: 11:00

Event: War Chest Team League

VOD

Have the link to the VOD?

Description

Time

  • Played on: Aug. 7, 2020, 5:54 a.m.
  • Length: 11:23

All games in this series

Show
View Real Time Build Order
Export as new Build Order

DPGPartinG Protoss 

Build Orders:  

Get SALT Encoding   

  12  0:00  Probe  
  13  0:12  Probe  
  14  0:18  Pylon  
  14  0:24  Probe (Chrono Boost)  
  15  0:36  Gateway, Probe (Chrono Boost)  
  16  0:45  Probe (Chrono Boost)  
  16  0:46  Assimilator  
  17  0:51  Probe  
  17  0:54  Assimilator  
  18  1:03  Probe (Chrono Boost)  
  19  1:06  Gateway  
  20  1:12  Probe (Chrono Boost)  
  20  1:17  Probe (Chrono Boost)  
  20  1:24  Cybernetics Core  
  21  1:29  Probe  
  22  1:33  Pylon  
  22  1:41  Probe  
  23  1:53  Probe  
  24  1:57  Warp Gate (Chrono Boost)  
  24  2:00  Stalker x2  
  28  2:07  Probe  
  29  2:11  Pylon  
  29  2:19  Probe  
  30  2:30  Stalker x2  
  30  2:33  Probe  
  34  2:57  Shield Battery  
  34  3:05  Nexus  
  34  3:08  Shield Battery  
  34  3:09  Probe  
  35  3:23  Probe  
  35  3:25  Robotics Facility  
  35  3:26  Pylon  
  36  3:35  Probe  
  36  3:39  Sentry  
  39  3:44  Sentry  
  39  3:47  Probe (Chrono Boost)  
  42  3:50  Gateway  
  42  3:59  Probe (Chrono Boost)  
  43  4:06  Stalker  
  43  4:07  Probe (Chrono Boost)  
  46  4:15  Immortal (Chrono Boost), Probe  
  47  4:23  Sentry  
  47  4:24  Probe  
  52  4:28  Probe  
  53  4:36  Adept  
  53  4:38  Pylon  
  55  4:43  Warp Prism (Chrono Boost)  
  55  4:52  Adept  
  59  4:53  Adept  
  59  4:59  Adept  
  63  5:02  Pylon  
  59  5:15  Adept  
  51  5:21  Adept  
  51  5:24  Probe x2  
  49  5:31  Stalker  
  42  5:38  Probe x2 (Chrono Boost)  
  36  5:46  Stalker  
  36  5:50  Probe (Chrono Boost)  
  36  5:54  Stalker  
  39  6:00  Probe (Chrono Boost)  
  39  6:01  Observer  
  42  6:05  Probe (Chrono Boost)  
  42  6:06  Sentry  
  42  6:07  Probe (Chrono Boost)  
  45  6:15  Sentry  
  45  6:17  Adept  
  50  6:18  Probe  
  50  6:19  Probe  
  49  6:35  Adept  
  43  6:49  Adept x2, Immortal (Chrono Boost), Probe  
  43  6:51  Observer  
  52  7:00  Adept  
  48  7:08  Probe x2  
  44  7:10  Stalker x2  
  44  7:13  Stalker  
  50  7:20  Probe x2  
  56  7:37  Immortal (Chrono Boost)  
  56  7:41  Adept x2  
  56  7:43  Adept  
  62  7:47  Probe x2  
  62  7:50  Pylon  
  64  7:54  Assimilator  
  64  8:00  Probe x2 (Chrono Boost)  
  64  8:01  Assimilator  
  66  8:10  Sentry, Probe x2 (Chrono Boost)  
  70  8:15  Probe x2 (Chrono Boost)  
  72  8:22  Sentry  
  70  8:39  Sentry  
  70  8:40  Zealot  
  71  8:42  Probe x2  
  73  8:54  Probe x2  
  69  9:02  Gateway  
  59  9:03  Gateway  
  59  9:05  Gateway  
  59  9:06  Probe x2  
  59  9:08  Gateway  
  59  9:09  Robotics Bay  
  61  9:12  Shield Battery  
  61  9:18  Probe  
  61  9:20  Adept x3  
  68  9:34  Twilight Council  
  68  9:36  Forge  
  68  9:42  Adept  
  68  9:43  Adept x2  
  68  9:44  Shield Battery  
  74  9:48  Pylon  
  74  9:57  Pylon  
  77  10:06  Pylon  
  75  10:08  Stalker  
  75  10:10  Disruptor (Chrono Boost)  
  77  10:18  Stalker x3  
  77  10:19  Stalker x2  
  74  10:38  Disruptor (Chrono Boost)  
  74  10:40  Adept x2  
  64  10:43  Adept  
  64  10:47  Adept x2  
  62  10:54  Adept x2  
  56  11:02  Adept  
  44  11:08  Adept  
Show
View Real Time Build Order
Export as new Build Order

Dear Protoss - Winner!

Build Orders:  

Get SALT Encoding   

  12  0:00  Probe  
  13  0:12  Probe  
  14  0:17  Pylon  
  14  0:24  Probe (Chrono Boost)  
  15  0:36  Gateway, Probe (Chrono Boost)  
  16  0:44  Probe (Chrono Boost)  
  16  0:45  Assimilator  
  17  0:51  Probe  
  17  0:54  Assimilator  
  18  1:03  Probe (Chrono Boost)  
  19  1:07  Gateway  
  20  1:12  Probe (Chrono Boost)  
  20  1:17  Probe (Chrono Boost)  
  20  1:23  Cybernetics Core  
  21  1:29  Probe  
  21  1:32  Pylon  
  22  1:41  Probe  
  23  1:53  Probe  
  24  2:00  Stalker x2, Warp Gate  
  28  2:09  Pylon  
  28  2:23  Robotics Facility  
  28  2:31  Sentry  
  30  2:40  Pylon  
  30  2:49  Sentry  
  32  2:55  Nexus  
  32  3:08  Immortal (Chrono Boost)  
  34  3:24  Pylon  
  34  3:36  Warp Prism (Chrono Boost)  
  34  3:48  Sentry  
  34  3:49  Stalker  
  38  4:01  Probe  
  39  4:06  Immortal (Chrono Boost)  
  43  4:15  Stalker x2  
  47  4:23  Probe x2  
  49  4:40  Sentry, Stalker  
  49  4:41  Probe x2  
  55  4:47  Pylon  
  53  5:09  Adept  
  53  5:10  Adept  
  51  5:27  Probe  
  51  5:28  Probe  
  49  5:29  Immortal (Chrono Boost)  
  49  5:30  Adept x2  
  55  5:39  Probe  
  55  5:40  Probe  
  37  5:52  Probe x2  
  37  5:54  Sentry, Shield Battery  
  37  5:55  Sentry, Gateway  
  43  6:00  Warp Prism (Chrono Boost)  
  43  6:04  Probe x2  
  47  6:16  Stalker x2, Probe x2  
  53  6:29  Immortal (Chrono Boost)  
  57  6:39  Probe x2  
  51  6:49  Adept x3  
  57  6:54  Probe  
  57  6:55  Probe  
  57  7:03  Immortal (Chrono Boost)  
  57  7:06  Probe  
  57  7:07  Probe  
  63  7:14  Assimilator  
  63  7:15  Assimilator  
  63  7:17  Pylon  
  63  7:19  Probe x2  
  65  7:23  Sentry  
  65  7:26  Pylon  
  61  7:33  Probe x2  
  63  7:37  Immortal (Chrono Boost)  
  63  7:48  Phoenix  
  65  7:58  Gateway  
  63  7:59  Twilight Council  
  63  8:06  Adept x2  
  63  8:07  Adept  
  63  8:10  Observer  
  70  8:17  Pylon  
  70  8:21  Shield Battery  
  70  8:29  Adept x3  
  72  8:40  Warp Prism  
  71  8:50  Adept  
  71  8:51  Resonating Glaives (Chrono Boost)  
  71  8:56  Adept  
  71  9:02  Pylon  
  72  9:12  Gateway x2, Sentry  
  72  9:16  Sentry  
  76  9:20  Immortal (Chrono Boost)  
  80  9:26  Adept x2  
  84  9:35  Pylon  
  84  9:36  Pylon  
  84  9:40  Sentry  
  86  9:47  Pylon  
  86  10:02  Adept x3  
  86  10:03  Adept  
  86  10:06  Adept x2  
  98  10:10  Pylon  
  96  10:27  Adept x2  
  96  10:28  Adept x3  
  93  10:46  Warp Prism (Chrono Boost)  
  69  11:01  Adept x5  
Tags
 
Add a new tag
Caveats
  • Supply blocks, unpowered buildings, or Contaminate may cause inaccurate times.
  • Supply counts are checked every 10 seconds.